 Dungeon Crawl Stone Soup version 0.30.1-11-g7821555f0a (webtiles) character file.

Game seed: 7178520002699197930

68 KittyFluff the Cudgeller (level 4, -11/28 HPs)
             Began as a Gargoyle Berserker on Nov 10, 2023.
             Was a Believer of Trog.
             Mangled by an ogre
             ... wielding a +0 giant club
              (22 damage)
             ... on level 2 of the Dungeon.
             The game lasted 00:04:34 (1158 turns).

KittyFluff the Cudgeller (Gargoyle Berserker)       Turns: 1158, Time: 00:04:35

Health: -11/28     AC:  9    Str: 23    XL:     4   Next: 19%
Magic:  4/4        EV: 11    Int:  7    God:    Trog [**....]
Gold:   72         SH:  0    Dex:  9    Spells: 3/3 levels left

rFire   . . .        a - +0 mace
rCold   . . .        (no shield)
rNeg    + . .        g - +0 leather armour
rPois   ∞            (no helmet)
rElec   +            c - +0 cloak
rCorr   .            (no gloves)
SInv    .            i - +0 pair of boots
Will    .....        (no amulet)
Stlth   +            (no ring)
HPRegen 0.24/turn    (no ring)
MPRegen 0.09/turn

%: no passive effects
@: no status effects
A: sickness immunity, AC +3, negative energy resistance 1, electricity
resistance, torment resistance 1, petrification resistance
a: Renounce Religion, Berserk, Trog's Hand


You were on level 2 of the Dungeon.
You worshipped Trog.
Trog was pleased with you.
You visited 1 branch of the dungeon, and saw 2 of its levels.

You collected 72 gold pieces.

Inventory:

Hand Weapons
 a - a +0 mace (weapon)
 p - a +0 sling
Missiles
 b - 7 poisoned darts (quivered)
Armour
 c - a +0 cloak (worn)
 g - a +0 leather armour (worn)
 i - a +0 pair of boots (worn)
Scrolls
 e - a scroll of torment {unknown}
 h - 3 scrolls of teleportation {unknown}
 k - a scroll of identify {unknown}
 m - a scroll of acquirement {unknown}
 o - a scroll of enchant armour {unknown}
 q - a scroll of immolation {unknown}
Potions
 d - 2 potions of lignification {unknown}
 f - 2 potions of brilliance {unknown}
 j - a potion of degeneration {unknown}
 l - a potion of heal wounds {unknown}
 n - a potion of mutation {unknown}


   Skills:
 + Level 3.6 Fighting
 * Level 3.7 Maces & Flails
 * Level 3.1 Armour
 + Level 2.0 Dodging
 + Level 1.3 Stealth


You had 3 spell levels left.
You didn't know any spells.
Your spell library was empty.

Dungeon Overview and Level Annotations

Branches:
Dungeon (2/15)

Altars:

Shops:
D:1 *


Innate Abilities, Weirdness & Mutations

You are immune to sickness and miasma.
Your stone body is resilient. (AC +3)
You are immune to poison.
You resist negative energy. (rN+)
You are resistant to electric shocks. (rElec)
You are resistant to unholy torment.
You are immune to petrification.


Message History

You hit the adder.
You kill the adder!
Trog accepts your kill.
Your Dodging skill increases to level 2!
You see here an adder corpse.
Found 7 gold pieces.
A kobold comes into view. It is wielding a +0 dagger.
The kobold throws a stone.
The stone hits you but does no damage.
The kobold throws a stone.
The stone barely misses you.
The kobold throws a stone.
The stone closely misses you.
The kobold throws a stone.
The stone hits you but does no damage.
You see here 7 gold pieces.
You now have 72 gold pieces (gained 7).
The kobold barely misses you.
You thump the kobold!
You kill the kobold!
Trog accepts your kill.
Things that are here:
a +0 dagger; 2 stones
Found a scroll labelled ASESUI FEICS.
An ogre comes into view. It is wielding a +0 giant club.
h - 3 scrolls labelled ASESUI FEICS (gained 1)
There are no items here.
You barely miss the ogre. The ogre barely misses you.
You hit the ogre. You punch the ogre.
The ogre is lightly wounded.
The ogre hits you with a +0 giant club!
You closely miss the ogre.
The ogre is lightly wounded.
The ogre hits you with a +0 giant club!
You barely miss the ogre.
The ogre is lightly wounded.
The ogre barely misses you.
You hit the ogre but do no damage.
The ogre is lightly wounded.
You hit the ogre.
The ogre is lightly wounded.
The ogre hits you with a +0 giant club!!
Ouch! That really hurt!
You die...

########## #........#
##### #........#
....########........####
.................O......
.........#####..@#.##.
......................#
......########..###..##
.....)# #..# .# ......#
#..# # ......# ....
.....## ..... .......
#...## ...##... ######


You could see an ogre.

Vanquished Creatures
  2 adders (D:2)
  A dart slug (D:1)
  4 ball pythons
  4 endoplasms
  3 giant cockroaches
  4 goblins
  4 hobgoblins
  6 jackals (D:1)
  A quokka (D:2)
  2 bats
  3 frilled lizards
  4 kobolds
  6 rats
44 creatures vanquished.

Notes
Turn   | Place    | Note
-------+----------+-------------------------------------------
     0 | D:1      | KittyFluff the Gargoyle Berserker began the quest for the
                  | Orb.
     0 | D:1      | Reached XP level 1. HP: 14/14 MP: 1/1
   149 | D:1      | Reached XP level 2. HP: 13/19 MP: 2/2
   368 | D:1      | Found Daowusirph's Assorted Antiques.
   488 | D:1      | Reached XP level 3. HP: 23/23 MP: 3/3
   529 | D:1      | Reached ** piety under Trog
   586 | D:1      | Reached skill level 1 in Stealth
   841 | D:2      | Found a faded altar of an unknown god.
  1096 | D:2      | Reached XP level 4. HP: 26/28 MP: 4/4
  1149 | D:2      | Noticed an ogre
  1158 | D:2      | Mangled by an ogre

Illustrated notes

Levels and vault maps discovered:
D:1:      lemuel_arrival_hallway, layout_basic, serial_shops,
          nicolae_shop_behind_doors
D:2:      layout_rooms, shapermc_ecumenical_altar_ellora

Skill      XL: |  1  2  3  4 |
---------------+-------------+-----
Stealth        | 1 |  1.3
Armour         | 3 |  3.1
Dodging        | 2 |  2.0
Fighting       | |  3.6
Maces & Flails | |  3.7

Action                     |  1- 3 |  4- 6 || total
---------------------------+-------+-------++-------
  Melee: Mace              |   107 |    13 ||   120
         Punch             |     3 |     1 ||     4
 Armour: Animal skin       |    11 |       ||    11
         Leather armour    |    50 |     4 ||    54
  Dodge: Dodged            |    67 |     7 ||    74
